Map: Submarine LE

Players

Heeebster - Winner!

  • Race: Protoss Protoss
  • League: Diamond
  • Spawn Location: 5:00

elcidvlad

  • Race: Zerg Zerg
  • League: Diamond
  • Spawn Location: 11:00

VOD

Have the link to the VOD?

Description

Time

  • Played on: Nov. 15, 2020, 1:51 p.m.
  • Length: 3:52
Show
View Real Time Build Order
Export as new Build Order

Heeebster Protoss - Winner!

Build Orders:  

Get SALT Encoding   

  12  0:02  Probe  
  13  0:14  Probe  
  14  0:26  Probe  
  15  0:30  Pylon  
  15  0:54  Gateway  
  15  0:55  Gateway  
  15  1:04  Gateway  
  15  1:11  Gateway  
  15  1:13  Probe  
  16  1:24  Pylon  
  16  1:25  Probe  
  17  1:40  Zealot (Chrono Boost)  
  17  1:41  Zealot (Chrono Boost)  
  23  1:54  Zealot (Chrono Boost)  
  25  2:04  Zealot (Chrono Boost)  
  25  2:05  Pylon  
  27  2:12  Zealot (Chrono Boost)  
  29  2:17  Zealot x2 (Chrono Boost)  
  31  2:26  Zealot  
  33  2:32  Zealot  
  35  2:41  Zealot  
  37  2:49  Zealot  
  39  2:56  Pylon  
  39  3:12  Zealot (Chrono Boost)  
  39  3:18  Zealot (Chrono Boost)  
  39  3:19  Zealot (Chrono Boost)  
  41  3:25  Zealot (Chrono Boost)  
Show
View Real Time Build Order
Export as new Build Order

elcidvlad Zerg 

Build Orders: Pool Only 

Get SALT Encoding   

  12  0:03  Drone  
  13  0:13  Extractor  
  12  0:26  Spawning Pool  
  11  0:29  Drone  
  11  0:33  Drone  
  13  0:40  Drone  
  14  0:47  Extractor  
  14  0:48  Drone  
  15  0:58  Overlord  
  15  1:17  Zergling x4  
  17  1:19  Metabolic Boost  
  17  1:25  Zergling x2  
  18  1:31  Queen  
  20  1:44  Spine Crawler  
  19  1:47  Drone  
  20  1:57  Drone x2  
  21  2:12  Overlord  
  21  2:25  Overlord  
  21  2:26  Lair  
  21  2:31  Drone, Extractor  
  22  2:38  Spine Crawler  
  22  2:41  Zergling x2  
  22  2:51  Zergling x2  
  23  3:01  Spine Crawler  
  23  3:04  Drone  
  23  3:11  Zergling x2  
  19  3:24  Zergling x2  
  19  3:30  Zergling x4  
Tags
 
Matchup
PvZ
Opening
Pool Only
Replay Pack
Replays
Spawn Locations
Cross Positions
Add a new tag
Caveats
  • Supply blocks, unpowered buildings, or Contaminate may cause inaccurate times.
  • Supply counts are checked every 10 seconds.